 Dungeon Crawl Stone Soup version 0.25-a0-399-gcf1075a8b3 (webtiles) character file.

Game seed: 17720157445645271367, levelgen mode: deterministic

65111 MisterFreud the Blocker (level 15, -5/119 HPs)
             Began as a Gnoll Fighter on Jan 6, 2020.
             Was the Champion of Ashenzari.
             Killed from afar by a deep elf mage (23 damage)
             ... with a bolt of lightning
             ... while paralysed
             ... on level 13 of the Dungeon on Jan 8, 2020.
             The game lasted 01:01:34 (20447 turns).

MisterFreud the Blocker (Gnoll Fighter)            Turns: 20447, Time: 01:01:35

Health: -5/119     AC: 21    Str: 18    XL:     15   Next: 15%
Magic:  28/28      EV:  2    Int: 10    God:    Ashenzari [******]
Gold:   1801       SH:  0    Dex: 17    Spells: 33/33 levels left

rFire    + + +     SeeInvis +   Y - +2 trident of Famoogau {pierce, rPois rF++ Int-5} (curse)
rCold    . . .     Gourm    .   l - +0 shield (curse)
rNeg     . . .     Faith    .   x - +0 plate armour
rPois    +         Spirit   .   A - +2 helmet
rElec    .         Reflect  .   j - scarf {repulsion}
rCorr    .         Harm     .   J - +0 pair of gloves
MR       +....     Clarity  +   p - +0 pair of boots
Stlth    ..........             m - amulet of regeneration (curse)
HPRegen  0.69/turn              w - ring of protection from fire
MPRegen  0.21/turn              P - +5 ring of evasion (curse)

@: paralysed, berserk cooldown, slowed, repel missiles
A: distributed training, fangs 1, strong nose
a: Curse Item, Scrying, Renounce Religion


You were on level 13 of the Dungeon.
You worshipped Ashenzari.
Ashenzari was exalted by your worship.
You were hungry.

You visited 3 branches of the dungeon, and saw 20 of its levels.
You visited the Abyss 1 time.
You also visited: Sewer.

You collected 1933 gold pieces.
You spent 132 gold pieces at shops.

Inventory:

Hand Weapons
 V - a +5 trident of flaming
 Y - the cursed +2 trident of Famoogau (weapon) {pierce, rPois rF++ Int-5}
   (You found it on level 10 of the Dungeon)

   It inflicts extra damage upon your enemies.
   It affects your intelligence (-5).
   It greatly protects you from fire.
   It protects you from poison.
   It has a curse placed upon it.
Missiles
 S - 4 throwing nets (quivered)
 X - 6 javelins
Armour
 b - the cursed +1 scale mail "Kuid Beri" {rElec rPois Dex+3}
   (You found it on level 3 of the Lair of Beasts)

   It affects your dexterity (+3).
   It insulates you from electricity.
   It protects you from poison.
   It has a curse placed upon it.
 j - a scarf of repulsion (worn)
 l - a cursed +0 shield (worn)
 p - a +0 pair of boots (worn)
 x - a +0 plate armour (worn)
 A - a +2 helmet (worn)
 J - a +0 pair of gloves (worn)
Jewellery
 m - a cursed amulet of regeneration (around neck)
 w - a ring of protection from fire (left hand)
 P - a cursed +5 ring of evasion (right hand)
Wands
 n - a wand of paralysis (9)
 y - a wand of disintegration (21)
 B - a wand of scattershot (3)
 N - a wand of iceblast (13)
 R - a wand of flame (7)
Scrolls
 c - 10 scrolls of remove curse
 e - 6 scrolls of enchant weapon
 q - 6 scrolls of teleportation
 r - 4 scrolls of enchant armour
 s - 3 scrolls of fear
 v - 3 scrolls of fog
 z - 3 scrolls of magic mapping
 D - 5 scrolls of amnesia
 F - 7 scrolls of identify
 Q - a scroll of holy word
 U - a scroll of blinking
Potions
 a - a potion of mutation
 d - 6 potions of might
 g - 8 potions of curing
 i - 2 potions of magic
 C - 4 potions of invisibility
 G - 3 potions of haste
 H - a potion of heal wounds
 I - 6 potions of brilliance
 K - 6 potions of flight
 L - a potion of agility
 O - a potion of ambrosia
 T - a potion of cancellation
 Z - 2 potions of lignification
Miscellaneous
 h - a phial of floods
Comestibles
 f - 47 rations
 k - 6 chunks of flesh


   Skills:
 + Level 11.5 Fighting
 + Level 10.6 Short Blades
 + Level 9.6 Long Blades
 + Level 9.6 Axes
 + Level 9.6 Maces & Flails
 + Level 9.6(13.9) Polearms
 + Level 9.6 Staves
 + Level 9.6 Slings
 + Level 9.6 Bows
 + Level 9.6 Crossbows
 + Level 9.6 Throwing
 + Level 11.5 Armour
 + Level 9.6 Dodging
 + Level 9.6 Stealth
 + Level 11.5(14.2) Shields
 + Level 9.6 Unarmed Combat
 + Level 9.6 Spellcasting
 + Level 8.1(11.1) Conjurations
 + Level 8.1(11.1) Hexes
 + Level 8.1(11.1) Charms
 + Level 8.1(11.1) Summonings
 + Level 8.1(11.1) Necromancy
 + Level 8.1(11.1) Translocations
 + Level 8.1(11.1) Transmutations
 + Level 8.1(11.1) Fire Magic
 + Level 8.1(11.1) Ice Magic
 + Level 8.1(11.1) Air Magic
 + Level 8.1(11.1) Earth Magic
 + Level 8.1(11.1) Poison Magic
 + Level 10.5 Invocations
 + Level 9.6(12.5) Evocations


You had 33 spell levels left.
You didn't know any spells.
Your spell library contained the following spells:

 Spells                   Type           Power        Failure   Level  Hunger
 Animate Skeleton         Necr           N/A          3%          1    None
 Beastly Appendage        Tmut           ####..       3%          1    None
 Pain                     Necr           ####         3%          1    None
 Shock                    Conj/Air       ####         3%          1    None
 Summon Butterflies       Summ           ####....     3%          1    None
 Poisonous Vapours        Pois/Air       ####..       4%          2    #......
 Sticks to Snakes         Tmut           ####....     4%          2    #......
 Swiftness                Chrm/Air       ####....     4%          2    #......
 Call Canine Familiar     Summ           ####....     10%         3    ##.....
 Conjure Flame            Conj/Fire      ####....     10%         3    ##.....
 Mephitic Cloud           Conj/Pois/Air  ####....     10%         3    ##.....
 Recall                   Summ/Tloc      N/A          10%         3    ##.....
 Spider Form              Tmut/Pois      ####......   10%         3    ##.....
 Static Discharge         Conj/Air       ####....     10%         3    ##.....
 Vampiric Draining        Necr           ####......   10%         3    ##.....
 Airstrike                Air            ####......   32%         4    ####...
 Animate Dead             Necr           N/A          32%         4    ####...
 Ice Form                 Ice/Tmut       ####....     32%         4    ####...
 Summon Ice Beast         Ice/Summ       ####....     32%         4    ####...
 Agony                    Necr           ####....     65%         5    ######.
 Aura of Abjuration       Summ           ####......   65%         5    ######.
 Blade Hands              Tmut           ####......   65%         5    ######.
 Bolt of Magma            Conj/Fire/Erth ####......   65%         5    ######.
 Iskenderun's Battlesphe  Conj/Chrm      ####....     65%         5    ######.
 Lightning Bolt           Conj/Air       ####......   65%         5    ######.
 Summon Demon             Summ           ####......   65%         5    ######.
 Summon Forest            Summ/Tloc      ####......   65%         5    ######.
 Summon Mana Viper        Hex/Summ       ####....     65%         5    ######.
 Freezing Cloud           Conj/Ice/Air   ####......   99%         6    #######
 Iron Shot                Conj/Erth      ####......   99%         6    #######
 Shadow Creatures         Summ           N/A          99%         6    #######
 Orb of Destruction       Conj           ####......   100%        7    #######
 Ring of Flames           Chrm/Fire      ####......   100%        7    #######
 Spellforged Servitor     Conj/Summ      ####......   100%        7    #######
 Summon Hydra             Summ           ####......   100%        7    #######


Dungeon Overview and Level Annotations

Branches:
Dungeon (13/15)            Temple (1/1) D:7            Lair (6/6) D:9
  Swamp (0/4) Lair:3       Spider (0/4) Lair:2        Slime (0/5) Lair:6
    Orc (0/2) D:11          Sewer (visited)
 Vaults: D:13-14

Altars:
Ashenzari
Cheibriados
Elyvilon
Kikubaaqudgha
Makhleb
Nemelex Xobeh
Qazlal
Sif Muna
Trog
Vehumet
Yredelemnul
The Shining One
Jiyva

Shops:
D:4 !   D:11 :

Portals:
Hell: Lair:6

Annotations:
D:2 Sigmund
D:7 1 runed translucent door
D:9 2 transporters
Lair:3 3 runed translucent doors, Ezoatsupp's ghost, journeyman HOFi


Innate Abilities, Weirdness & Mutations

Your experience applies equally to all skills.
You have very sharp teeth.
Your uncanny sense of smell can sniff out nearby items.


Message History

* * * LOW HITPOINT WARNING * * *
You hit the small abomination.
The small abomination is moderately damaged.
You puncture the small abomination! You bite the small abomination.
The small abomination is heavily damaged.
You block the small abomination's attack.
You puncture the small abomination!
The small abomination is severely damaged.
You hit the small abomination.
The small abomination is severely damaged.
You puncture the small abomination!
You destroy the small abomination!
A deep elf mage comes into view. It is wielding a +0 rapier.
You are no longer berserk.
You pass out from exhaustion.
You feel yourself slow down.
The deep elf mage shouts!
The deep elf mage points at you and mumbles some strange words.
The bolt of lightning hits you!!
You die...

.<#......#*,,, ,,#.#
..######.# ** *,#.#
.........#*∆∆∆∆ ,#.#
.........# ∆∆∆∆ #.#
#+######.# * ** ,#.#
,#......#* , ∆,,#.#
#(#######e######.#
#.(.)†.##....).#.#
######.#######@#.#
###............(.#.#
..################.#
...........#..# #..#
...........#..# #..#
...........#..# #..#
...........'..# #..#
...........#..###..#
#####'##...#.......#


You could see a deep elf mage.

Vanquished Creatures
  A sphinx (D:13)
  2 dire elephants
  A deep elf high priest (D:13)
  Fannar (D:10)
  6 hydras
  A rakshasa (Abyss:1)
  Erolcha (D:10)
  2 centaur warriors (D:13)
  Erica (Lair:1)
  5 death yaks (Lair:5)
  A sixfirhy (Lair:6)
  An unseen horror (D:13)
  A wizard (Lair:6)
  A necromancer (D:12)
  2 lindwurms
  A wolf spider (D:13)
  A deep elf mage (D:13)
  3 cyclopes
  2 ugly things
  Maurice (D:9)
  Joseph (D:10)
  8 black mambas
  An orange demon (Lair:6)
  6 rime drakes
  13 spiny frogs
  A freezing wraith (D:13)
  A hellwing (Lair:6)
  7 kobold demonologists
  2 ice devils (Lair:6)
  5 komodo dragons
  2 red devils (Lair:6)
  A tyrant leech (Lair:3)
  A polar bear (Lair:6)
  6 hornets
  25 blink frogs
  A blink frog (shapeshifter) (D:13)
  11 dream sheep
  9 hippogriffs
  A water elemental (D:9)
  3 shadows
  32 yaks
  A ynoxinul (Abyss:1)
  3 basilisks
  Grum (D:9)
  A hungry ghost (D:8)
  A fire elemental (Abyss:1)
  A vampire mosquito (D:13)
  2 swamp worms (Lair:3)
  An acid dragon (D:13)
  4 hell hounds (Lair:6)
  11 porcupines
  15 water moccasins
  4 orc warriors
  2 small abominations
  2 sky beasts
  4 ice beasts
  2 phantoms (D:9)
  4 ogres
  5 centaurs
  21 wolves
  31 crocodiles
  8 big kobolds
  17 bullfrogs
  A wyvern skeleton (D:11)
  8 scorpions
  15 killer bees
  3 wights (D:9)
  6 howler monkeys
  A bullfrog zombie (D:10)
  7 crimson imps
  A quasit (D:10)
  2 jellies
  4 hounds
  8 orc wizards
  5 orc priests
  A bullfrog skeleton (D:7)
  Jessica (D:2)
  6 iguanas
  Ijyb (D:3)
  Terence (D:3)
  Natasha (thrice) (D:4)
  6 worker ants
  2 hound zombies
  Robin (D:2)
  3 gnolls (D:6)
  A worker ant zombie (D:4)
  7 adders
  A river rat (D:5)
  4 shadow imps
  3 white imps (Lair:6)
  2 oozes
  4 worms
  4 dart slugs
  16 leopard geckos
  43 orcs
  10 giant cockroaches
  11 goblins
  12 hobgoblins
  11 jackals
  4 quokkas
  7 ball pythons
  9 bats
  15 frilled lizards
  2 jackal zombies (D:5)
  38 kobolds
  A leopard gecko skeleton (D:5)
  12 rats
616 creatures vanquished.

Vanquished Creatures (others)
  An orc wizard (D:13)
  An orc (D:13)
  2 bushes (Lair:6)
  16 fungi
  31 plants
51 creatures vanquished.

Grand Total: 667 creatures vanquished

Notes
Turn   | Place    | Note
-------+----------+-------------------------------------------
     0 | D:1      | MisterFreud the Gnoll Fighter began the quest for the Orb.
     0 | D:1      | Reached XP level 1. HP: 23/23 MP: 1/1
    94 | D:1      | Reached XP level 2. HP: 29/29 MP: 2/2
   410 | D:1      | Reached XP level 3. HP: 35/35 MP: 3/3
   892 | D:2      | Reached skill level 1 in Invocations
  1059 | D:2      | Found a faded altar of an unknown god.
  1067 | D:2      | Reached skill level 1 in Long Blades
  1067 | D:2      | Reached skill level 1 in Axes
  1067 | D:2      | Reached skill level 1 in Maces & Flails
  1067 | D:2      | Reached skill level 1 in Polearms
  1067 | D:2      | Reached skill level 1 in Staves
  1067 | D:2      | Reached skill level 1 in Slings
  1067 | D:2      | Reached skill level 1 in Bows
  1067 | D:2      | Reached skill level 1 in Crossbows
  1067 | D:2      | Reached skill level 1 in Throwing
  1067 | D:2      | Reached skill level 1 in Dodging
  1067 | D:2      | Reached skill level 1 in Stealth
  1067 | D:2      | Reached skill level 1 in Unarmed Combat
  1067 | D:2      | Reached skill level 1 in Spellcasting
  1067 | D:2      | Reached skill level 1 in Evocations
  1067 | D:2      | Reached XP level 4. HP: 37/41 MP: 5/5
  1204 | D:2      | Noticed Jessica
  1207 | D:2      | Killed Jessica
  1791 | D:2      | Noticed Sigmund
  1865 | D:1      | HP: 2/41 [poisoned by Sigmund]
  1870 | D:1      | HP: 2/41 [poisoned by Sigmund]
  1978 | D:3      | Reached skill level 1 in Conjurations
  1978 | D:3      | Reached skill level 1 in Hexes
  1978 | D:3      | Reached skill level 1 in Charms
  1978 | D:3      | Reached skill level 1 in Summonings
  1978 | D:3      | Reached skill level 1 in Necromancy
  1978 | D:3      | Reached skill level 1 in Translocations
  1978 | D:3      | Reached skill level 1 in Transmutations
  1978 | D:3      | Reached skill level 1 in Fire Magic
  1978 | D:3      | Reached skill level 1 in Ice Magic
  1978 | D:3      | Reached skill level 1 in Air Magic
  1978 | D:3      | Reached skill level 1 in Earth Magic
  1978 | D:3      | Reached skill level 1 in Poison Magic
  2173 | D:3      | Noticed Terence
  2319 | D:3      | Noticed Robin
  2357 | D:2      | Killed Robin
  2357 | D:2      | Reached XP level 5. HP: 47/47 MP: 6/6
  2471 | D:3      | Noticed Ijyb
  2478 | D:3      | Killed Ijyb
  2624 | D:3      | Killed Terence
  3158 | D:4      | Noticed Natasha
  3160 | D:4      | Noticed an ogre
  3178 | D:3      | Reached XP level 6. HP: 53/53 MP: 8/8
  3278 | D:4      | Found Leynk's Distillery.
  3291 | D:4      | Bought a potion of heal wounds for 60 gold pieces
  3291 | D:4      | Bought a potion of curing for 36 gold pieces
  3291 | D:4      | Bought a potion of curing for 36 gold pieces
  3389 | D:4      | Reached skill level 5 in Short Blades
  3497 | D:4      | Killed Natasha
  3646 | D:4      | Noticed Natasha
  3660 | D:4      | Killed Natasha
  3660 | D:4      | Reached XP level 7. HP: 45/59 MP: 10/10
  3807 | D:4      | Found a burning altar of Makhleb.
  3930 | D:4      | Noticed Natasha
  3943 | D:4      | Killed Natasha
  4004 | D:5      | Entered Level 5 of the Dungeon
  4417 | D:5      | Found a glowing drain.
  4421 | Sewer    | Entered a sewer
  4465 | Sewer    | Reached XP level 8. HP: 64/67 MP: 12/12
  4915 | D:5      | Found a bloodstained altar of Trog.
  4915 | D:5      | Found a sparkling altar of Nemelex Xobeh.
  6037 | D:7      | Found a staircase to the Ecumenical Temple.
  6078 | Temple   | Entered the Ecumenical Temple
  6115 | Temple   | Became a worshipper of Ashenzari the Shackled
  6319 | D:7      | Reached XP level 9. HP: 20/72 MP: 14/14
  6487 | D:7      | Found a runed translucent door.
  6489 | D:7      | Noticed a sixfirhy
  7031 | D:8      | Reached * piety under Ashenzari
  7162 | D:8      | Identified the +6 halberd "Gadorph" {protect, +Rage rN+
                  | Int+3 Stlth+}
  7692 | D:9      | Found a transporter.
  7694 | D:9      | Noticed Grum
  7715 | D:9      | Killed Grum
  7733 | D:10     | Entered Level 10 of the Dungeon
  7778 | D:10     | Reached skill level 5 in Invocations
  7866 | D:10     | Noticed Fannar
  7866 | D:10     | Noticed a hornet
  7932 | D:9      | Reached XP level 10. HP: 74/80 MP: 15/17
  7967 | D:9      | Found a transporter.
  7983 | D:9      | Noticed a death knight
  7984 | D:9      | Found a basalt altar of Yredelemnul.
  7984 | D:9      | Noticed a death knight
  8045 | D:9      | Found an ancient bone altar of Kikubaaqudgha.
  8081 | D:9      | Reached ** piety under Ashenzari
  8140 | D:9      | Reached skill level 5 in Long Blades
  8140 | D:9      | Reached skill level 5 in Axes
  8140 | D:9      | Reached skill level 5 in Maces & Flails
  8140 | D:9      | Reached skill level 5 in Polearms
  8140 | D:9      | Reached skill level 5 in Staves
  8140 | D:9      | Reached skill level 5 in Slings
  8140 | D:9      | Reached skill level 5 in Bows
  8140 | D:9      | Reached skill level 5 in Crossbows
  8140 | D:9      | Reached skill level 5 in Throwing
  8140 | D:9      | Reached skill level 5 in Dodging
  8140 | D:9      | Reached skill level 5 in Stealth
  8140 | D:9      | Reached skill level 5 in Unarmed Combat
  8140 | D:9      | Reached skill level 5 in Spellcasting
  8140 | D:9      | Reached skill level 5 in Evocations
  8436 | D:9      | Noticed Maurice
  8458 | D:9      | Killed Maurice
  8745 | D:9      | Found a staircase to the Lair.
  8979 | D:10     | Noticed Erolcha
  8982 | D:10     | Noticed a cyan ugly thing
  8986 | D:10     | Noticed a cyclops
  8989 | D:10     | Cast into level 1 of the Abyss (Erolcha)
  9018 | Abyss:1  | Noticed a rakshasa
  9032 | Abyss:1  | Killed a rakshasa
  9108 | Abyss:1  | Noticed a hellion
  9111 | Abyss:1  | Noticed a great orb of eyes
  9116 | Abyss:1  | Reached *** piety under Ashenzari
  9128 | Abyss:1  | Noticed a salamander
  9179 | Abyss:1  | Noticed a cyclops
  9205 | Abyss:1  | Killed a cyclops
  9211 | Abyss:1  | Found a hazy altar of Hepliaklqana.
  9262 | Abyss:1  | Reached XP level 11. HP: 53/87 MP: 19/19
  9264 | D:10     | Escaped the Abyss
  9436 | D:10     | Killed Erolcha
  9437 | D:10     | Noticed a centaur warrior
  9437 | D:10     | Noticed a wizard
  9438 | D:10     | Noticed a deep elf mage
  9464 | D:10     | Paralysed by a hornet for 3 turns
  9470 | D:10     | Killed Fannar
  9470 | D:10     | Reached skill level 5 in Conjurations
  9470 | D:10     | Reached skill level 5 in Hexes
  9470 | D:10     | Reached skill level 5 in Charms
  9470 | D:10     | Reached skill level 5 in Summonings
  9470 | D:10     | Reached skill level 5 in Necromancy
  9470 | D:10     | Reached skill level 5 in Translocations
  9470 | D:10     | Reached skill level 5 in Transmutations
  9470 | D:10     | Reached skill level 5 in Fire Magic
  9470 | D:10     | Reached skill level 5 in Ice Magic
  9470 | D:10     | Reached skill level 5 in Air Magic
  9470 | D:10     | Reached skill level 5 in Earth Magic
  9470 | D:10     | Reached skill level 5 in Poison Magic
  9637 | D:10     | Identified the +2 trident of Famoogau {pierce, rPois rF++
                  | Int-5}
  9803 | D:10     | Noticed Joseph
  9832 | D:10     | Killed Joseph
 10243 | D:11     | Found Utich's Book Shop.
 10280 | D:11     | Found a sparkling altar of Nemelex Xobeh.
 10283 | D:11     | Found a staircase to the Orcish Mines.
 10430 | D:11     | Reached **** piety under Ashenzari
 10520 | Lair:1   | Entered Level 1 of the Lair of Beasts
 10529 | Lair:1   | Noticed Erica
 10702 | Lair:1   | Killed Erica
 11040 | Lair:1   | Reached XP level 12. HP: 92/96 MP: 22/22
 11750 | Lair:2   | Found a hole to the Spider Nest.
 11844 | Lair:2   | Upgraded the game from 0.25-a0-366-g516bc45ae0 to
                  | 0.25-a0-388-g41a7e554cb
 12398 | Lair:3   | Got the cursed scale mail "Kuid Beri" {rElec rPois Dex+3}
 12451 | Lair:3   | Identified the cursed +1 scale mail "Kuid Beri" {rElec
                  | rPois Dex+3} (You found it on level 3 of the Lair of
                  | Beasts)
 12755 | Lair:3   | Found a runed translucent gate.
 12755 | Lair:3   | Found a runed translucent gate.
 12755 | Lair:3   | Found a runed translucent gate.
 12757 | Lair:3   | Noticed Ezoatsupp's ghost (journeyman HOFi)
 12826 | Lair:3   | Noticed a five-headed hydra
 12843 | Lair:3   | Killed a five-headed hydra
 12843 | Lair:3   | HP: 1/97 [komodo dragon (24)]
 12850 | Lair:3   | Upgraded the game from 0.25-a0-388-g41a7e554cb to
                  | 0.25-a0-399-gcf1075a8b3
 12861 | Lair:3   | Reached skill level 10 in Fighting
 12861 | Lair:3   | Reached skill level 10 in Armour
 12861 | Lair:3   | Reached skill level 10 in Shields
 13142 | Lair:3   | Found a dark tunnel.
 13431 | Lair:3   | Noticed a four-headed hydra
 13441 | Lair:3   | Noticed an eight-headed hydra
 13445 | Lair:3   | Killed a four-headed hydra
 13449 | Lair:3   | Killed an eight-headed hydra
 13449 | Lair:3   | Reached XP level 13. HP: 33/103 MP: 24/24
 13558 | Lair:3   | Found a staircase to the Swamp.
 14133 | Lair:4   | Reached ***** piety under Ashenzari
 15667 | Lair:6   | Entered Level 6 of the Lair of Beasts
 15667 | Lair:6   | Found a viscous altar of Jiyva.
 15667 | Lair:6   | Found a staircase to the Slime Pits.
 16069 | Lair:5   | Reached XP level 14. HP: 106/111 MP: 26/26
 16419 | Lair:5   | Reached skill level 10 in Short Blades
 16938 | Lair:6   | Noticed a dire elephant
 16992 | Lair:6   | Killed a dire elephant
 17420 | Lair:6   | Found a burning altar of Makhleb.
 17446 | Lair:6   | Reached skill level 10 in Invocations
 17553 | Lair:6   | Found a gateway to Hell.
 17621 | Lair:6   | Noticed a dire elephant
 17846 | Lair:5   | Killed a dire elephant
 19201 | D:12     | Reached ****** piety under Ashenzari
 20343 | D:13     | Reached XP level 15. HP: 109/119 MP: 28/28
 20408 | D:13     | Noticed a sphinx
 20425 | D:13     | Killed a sphinx
 20447 | D:13     | Killed from afar by a deep elf mage

Levels and vault maps discovered:
D:1:      lightli_arrival_lavapool, layout_rooms
D:2:      mumra_celtic_spiral_tile, layout_basic,
          chequers_ecumenical_altar_simple_redux, uniq_jessica,
          uniq_crazy_yiuf_cottage, uniq_sigmund
D:3:      kb_forest_paths, layout_basic, first_ration, dk_noncrumbling_3,
          uniq_terence, uniq_robin, uniq_ijyb
D:4:      layout_loops_ring, serial_shops,
          nicolae_shop_temple_entry_statues_fountains, makhleb_heckhound_becter,
          uniq_natasha
D:5:      layout_loops_ring, gammafunk_temple_overflow_wave,
          gup_sewer_entry_spiral
D:6:      layout_rooms
D:7:      cheibrodos_shockbox, layout_basic, minmay_temple_entry_proselytizer,
          grunt_ogre_cave
D:8:      layout_basic
D:9:      layout_basic, gammafunk_temple_of_torment,
          grunt_lair_entry_orc_guard_hut, uniq_maurice, uniq_grum
D:10:     layout_cross, minivault_12, uniq_fannar, uniq_joseph, uniq_erolcha
D:11:     layout_cave_pools, orc_0_dummy, serial_shops, shop, lemuel_tele_altar
D:12:     layout_gridville, minmay_librarian
D:13:     minmay_two_paths, layout_stronghold
Temple:   compressed_dpeg_circular_temple
Lair:1:   lemuel_reptile_caves, layout_misc_corridors, serial_bayou_crossing,
          grunt_megastairs_2, uniq_erica
Lair:2:   layout_roguey, nicolae_spider_entry_non_spiders
Lair:3:   cheibrodos_lair_overgrown_chateau, layout_gridlike,
          palyth_hydra_swamp_entry, nicolae_volcano_entry_hallway,
          gammafunk_ghost_necromancy, st_stairs_6
Lair:4:   layout_big_grid, serial_rivers, chequers_serial_rivers_micro_d,
          chequers_serial_rivers_marsh, chequers_serial_rivers_micro_d,
          chequers_serial_rivers_large_b, minivault_24,
          chequers_serial_rivers_micro_a
Lair:5:   layout_small_grid, grunt_megastairs_3, lemuel_fruit_tree
Lair:6:   evil_forest, layout_small_grid, slime_altar_1,
          bobbens_ice_dragon_lair, lemuel_fruit_fields, lemuel_fruit_fields

Skill      XL: |  1  2  3  4  5  6  7  8  9 10 11 12 13 14 |
---------------+-------------------------------------------+-----
Invocations    | 1 2 3 4 5 6 7 8 9 10 | 10.5
Long Blades    | 1 2 3 4 5 6 7 8 9 |  9.6
Axes           | 1 2 3 4 5 6 7 8 9 |  9.6
Maces & Flails | 1 2 3 4 5 6 7 8 9 |  9.6
Polearms       | 1 2 3 4 5 6 7 8 9 |  9.6
Staves         | 1 2 3 4 5 6 7 8 9 |  9.6
Slings         | 1 2 3 4 5 6 7 8 9 |  9.6
Bows           | 1 2 3 4 5 6 7 8 9 |  9.6
Crossbows      | 1 2 3 4 5 6 7 8 9 |  9.6
Throwing       | 1 2 3 4 5 6 7 8 9 |  9.6
Dodging        | 1 2 3 4 5 6 7 8 9 |  9.6
Stealth        | 1 2 3 4 5 6 7 8 9 |  9.6
Unarmed Combat | 1 2 3 4 5 6 7 8 9 |  9.6
Spellcasting   | 1 2 3 4 5 6 7 8 9 |  9.6
Evocations     | 1 2 3 4 5 6 7 8 9 |  9.6
Conjurations   | 1 2 3 4 5 6 7 8 |  8.1
Hexes          | 1 2 3 4 5 6 7 8 |  8.1
Charms         | 1 2 3 4 5 6 7 8 |  8.1
Summonings     | 1 2 3 4 5 6 7 8 |  8.1
Necromancy     | 1 2 3 4 5 6 7 8 |  8.1
Translocations | 1 2 3 4 5 6 7 8 |  8.1
Transmutations | 1 2 3 4 5 6 7 8 |  8.1
Fire Magic     | 1 2 3 4 5 6 7 8 |  8.1
Ice Magic      | 1 2 3 4 5 6 7 8 |  8.1
Air Magic      | 1 2 3 4 5 6 7 8 |  8.1
Earth Magic    | 1 2 3 4 5 6 7 8 |  8.1
Poison Magic   | 1 2 3 4 5 6 7 8 |  8.1
Short Blades   | 5 6 7 8 9 10 | 10.6
Fighting       | 7 8 9 10 11 | 11.5
Armour         | 7 8 9 10 11 | 11.5
Shields        | 7 8 9 10 11 | 11.5

Action                   |  1- 3 |  4- 6 |  7- 9 | 10-12 | 13-15 || total
-------------------------+-------+-------+-------+-------+-------++-------
Melee: Rapier            |    90 |   278 |   711 |   490 |       ||  1569
       Bite              |    11 |    34 |    93 |   147 |   267 ||   552
       Trident           |       |       |       |   646 |  1667 ||  2313
Invok: Curse Item        |       |       |     3 |     1 |       ||     4
Evoke: Wand              |       |       |     2 |    10 |     5 ||    17
  Use: Scroll            |       |       |    14 |    17 |     3 ||    34
       Potion            |       |       |     1 |     7 |     2 ||    10
  Eat: Chunk             |     1 |     8 |    13 |    19 |    24 ||    65
       Ration            |       |       |     2 |       |       ||     2
Armor: Scale mail        |    23 |     2 |       |       |       ||    25
       Plate armour      |       |   112 |   289 |   273 |   387 ||  1061
Dodge: Dodged            |    12 |    37 |   184 |   361 |   608 ||  1202
       Deflected         |       |       |       |       |     1 ||     1
Block: Shield            |    52 |   139 |   403 |   519 |   820 ||  1933

Table legend:
 A = Non-vault XP
 B = Vault XP
 C = Vault XP percentage of total XP
 D = Non-vault monster count
 E = Vault monster count
 F = Vault count percentage of total count
                 A         B        C        D         E       F
            +---------+---------+-------+---------+---------+-------
      Total |   54326 |   38690 |  41.6 |     431 |     185 |  30.0
            +---------+---------+-------+---------+---------+-------
        D:1 |      46 |       0 |   0.0 |      24 |       0 |   0.0
        D:2 |      52 |      55 |  51.4 |      14 |       3 |  17.6
        D:3 |      58 |      93 |  61.6 |      28 |      13 |  31.7
        D:4 |     337 |      77 |  18.6 |      15 |       2 |  11.8
        D:5 |     441 |      27 |   5.8 |      16 |       7 |  30.4
        D:6 |     291 |       0 |   0.0 |      18 |       0 |   0.0
        D:7 |     390 |     162 |  29.3 |      12 |       2 |  14.3
        D:8 |     962 |       0 |   0.0 |      19 |       0 |   0.0
        D:9 |    2723 |    1543 |  36.2 |      32 |      10 |  23.8
       D:10 |    1752 |    2736 |  61.0 |      17 |       5 |  22.7
       D:11 |    1083 |       0 |   0.0 |      27 |       0 |   0.0
       D:12 |    2980 |     634 |  17.5 |      29 |       1 |   3.3
       D:13 |    4880 |    8321 |  63.0 |      27 |      13 |  32.5
     Temple |      84 |       0 |   0.0 |       4 |       0 |   0.0
     Lair:1 |    1953 |    3088 |  61.3 |       9 |      36 |  80.0
     Lair:2 |    3558 |    1749 |  33.0 |      15 |      12 |  44.4
     Lair:3 |    2363 |    7428 |  75.9 |      11 |      21 |  65.6
     Lair:4 |    4651 |       0 |   0.0 |      20 |       0 |   0.0
     Lair:5 |   20895 |    3236 |  13.4 |      75 |       9 |  10.7
     Lair:6 |    3054 |    8694 |  74.0 |      14 |      26 |  65.0
    Abyss:1 |    1773 |     519 |  22.6 |       5 |       1 |  16.7
      Sewer |       0 |     328 | 100.0 |       0 |      24 | 100.0
            +---------+---------+-------+---------+---------+-------
